 Dungeon Crawl Stone Soup version 0.27-a0-1301-g128193abf8 (webtiles) character file.

Game seed: 10604668191199793011

30 Manareshi the Firebug (level 3, 0/21 HPs)
             Began as an Octopode Fire Elementalist on June 17, 2021.
             Succumbed to a scorpion's poison
             ... on level 1 of the Dungeon.
             The game lasted 00:02:33 (1293 turns).

Manareshi the Firebug (Octopode Fire Elementalist)  Turns: 1293, Time: 00:02:33

Health: 0/21       AC:  1    Str:  7    XL:     3   Next: 18%
Magic:  6/6        EV: 13    Int: 18    God:
Gold:   50         SH:  0    Dex: 12    Spells: 5/6 levels left

rFire    . . .     SeeInvis .   (no weapon)
rCold    . . .     Faith    .   (no shield)
rNeg     . . .     Spirit   .   (helmet restricted)
rPois    .         Reflect  .   (no amulet)
rElec    .         Harm     .   (no ring)
rCorr    .         Rampage  .   (no ring)
Will     .....                  (no ring)
Stlth    +++.......             (no ring)
HPRegen  0.07/turn              (no ring)
MPRegen  0.10/turn              (no ring)
                                (no ring)
                                (no ring)

@: lethally poisoned (0 -> -5)
A: almost no armour, amphibious, 8 rings, camouflage 1, gelatinous body 1,
(nimble swimmer 1), tentacles
a: no special abilities


You were on level 1 of the Dungeon.
You visited 1 branch of the dungeon, and saw 2 of its levels.

You collected 50 gold pieces.

Inventory:

Scrolls
 b - a scroll of amnesia {unknown}
 c - a scroll of identify {unknown}
 d - a scroll of acquirement {unknown}
Potions
 a - a potion of might {unknown}


   Skills:
 + Level 2.0 Dodging
 - Level 2.6 Stealth
 + Level 2.4 Spellcasting
 + Level 1.8 Conjurations
 + Level 3.4 Fire Magic


You had 5 spell levels left.
You knew the following spells:

 Your Spells              Type           Power      Damage    Failure   Level
a - Foxfire               Conj/Fire      44%        2x1d6     6%          1

Your spell library contained the following spells:

 Spells                   Type           Power      Damage    Failure   Level
 Magic Dart               Conj           32%        1d4       9%          1
 Searing Ray              Conj           16%        3d3       12%         2
 Conjure Flame            Conj/Fire      11%        6-21      17%         3
 Inner Flame              Hex/Fire       8%         N/A       26%         3
 Dazzling Flash           Conj/Hex       10%        N/A       34%         3
 Confusing Touch          Hex            2%         N/A       45%         3
 Gell's Gravitas          Tloc           1%         N/A       45%         3
 Sticky Flame             Conj/Fire      11%        2d3       50%         4
 Fulminant Prism          Conj/Hex       2%         3d6       75%         4
 Iskenderun's Mystic Bla  Conj/Tloc      5%         2d3       75%         4
 Fireball                 Conj/Fire      5%         3d5       85%         5
 Petrify                  Tmut/Erth      2%         N/A       86%         4
 Metabolic Englaciation   Hex/Ice        1%         N/A       99%         5
 Yara's Violent Unravell  Hex/Tmut       1%         3d3       99%         5


Dungeon Overview and Level Annotations

Branches:
Dungeon (2/15)

Altars:

Annotations:
D:2 Jessica


Innate Abilities, Weirdness & Mutations

You cannot wear most types of armour.
You are amphibious.
You can wear up to eight rings at the same time.
Your skin changes colour to match your surroundings (Stealth+).
Your rubbery body absorbs attacks. (AC +1, EV +1)
((You are camouflaged near water. (Stealth+)))
You have tentacles for arms and can constrict up to eight enemies at once.


Message History

Casting: Foxfire (safe; 6% risk of failure)
Confirm with . or Enter, or press ? or * to list all spells.
You conjure some foxfire!
The foxfire hits the rat.
You kill the rat!
Your foxfire dissipates!
You see here an adder corpse.
There is a stone staircase leading up here.
Found a pair of boots.
A scorpion comes into view.
The scorpion closely misses you. The scorpion closely misses you.
The scorpion stings you.
You see here a frilled lizard corpse.
The scorpion stings you.
You see here a +0 cloak.
The scorpion stings you.
You are poisoned.
The scorpion poisons you!
There is a stone staircase leading up here.
You feel sick. The scorpion closely misses you.
You climb upwards.
You feel sick.
There is a stone staircase leading down here.
You feel sick.
You feel sick.
You feel sick.
You feel sick. The scorpion barely misses you.
You feel sick.
You are no longer poisoned.
The scorpion stings you but does no damage.
The scorpion stings you.
* * * LOW HITPOINT WARNING * * *
You are lethally poisoned!
The scorpion poisons you!
* * * LOW HITPOINT WARNING * * *
You feel sick.
* * * LOW HITPOINT WARNING * * *
You feel sick.
Unknown command.
Unknown command.
You die...

...# #...# ##.....≈≈§
...#############...# #....≈≈≈≈≈
...................# ##...#≈≈≈≈§
....###..#######...# ##....##≈§≈≈
##.####..# ##### #....#.##≈≈≈
##...##..# ######.#.§##.##§§
#.......#########......#.§§##.#§§
..##.#..###..>....######.§§##.###
####.#......####@....#...≈≈#.....
........#######..........§§#####.
#####..####..#.s..........§≈§≈≈#.
#####....###..............≈≈≈§§#.
.......#.####..............≈§≈≈#.
..........# ##..)...........≈≈§#.
...####...####................§#.
.....#.#..#..................§...
.....#.##........................


You could see a scorpion.

Vanquished Creatures
  An adder (D:2)
  A bat (D:1)
  An endoplasm (D:1)
  A giant cockroach (D:1)
  4 hobgoblins (D:1)
  A kobold (D:1)
  2 quokkas (D:1)
  2 ball pythons (D:1)
  2 frilled lizards
  6 rats
21 creatures vanquished.

Vanquished Creatures (others)
  50 foxfires
50 creatures vanquished.

Grand Total: 71 creatures vanquished

Notes
Turn   | Place    | Note
-------+----------+-------------------------------------------
     0 | D:1      | Manareshi the Octopode Fire Elementalist began the quest
                  | for the Orb.
     0 | D:1      | Reached XP level 1. HP: 11/11 MP: 3/3
    20 | D:1      | Found a faded altar of an unknown god.
   140 | D:1      | Reached XP level 2. HP: 15/17 MP: 1/5
  1117 | D:2      | Reached XP level 3. HP: 21/21 MP: 1/6
  1204 | D:2      | Noticed Jessica
  1250 | D:2      | Noticed a scorpion
  1292 | D:1      | HP: 1/21 [poisoned by a scorpion]
  1293 | D:1      | Succumbed to a scorpion's poison

Illustrated notes

Levels and vault maps discovered:
D:1:      minmay_arrival_open_corners, layout_rooms,
          ebering_ecumenical_altar_webs, grunt_decor_junction
D:2:      layout_loops_corners, st_stairs_8, minmay_small_reverse_x,
          uniq_jessica

Action                   || total
-------------------------++-------
Melee: Unarmed           ||    18
       Tentacles         ||     3
       Constrict         ||     5
 Cast: Foxfire           ||    36
 Stab: Sleeping          ||     1
Armor: Skin              ||     2
Dodge: Dodged            ||    12

Table legend: (Time is in decaauts)
 A = Elapsed time spent in this place.
 B = Non-inter-level travel time spent in this place.
 C = Inter-level travel time spent in this place.
 D = Time resting spent in this place.
 E = Time spent auto-exploring this place.
 F = Levels seen in this place.
 G = Mean time per level.
                   A        B        C        D        E       F      G
               +--------+--------+--------+--------+--------+-----+--------+
         Total |   1293 |   1261 |     32 |    386 |    557 |   2 |  646.5 |
       Dungeon |   1293 |   1261 |     32 |    386 |    557 |   2 |  646.5 |
               +--------+--------+--------+--------+--------+-----+--------+

Top non-repeatable levels by time:
     D:1: 1123 daAuts
     D:2: 169 daAuts
